Kradschützen Motorcycle Team
Selects Panzerjäger Kommand Battlegroup
Selects Blockade Equipment
Construct Light Support Kompanie
Panzerjäger Mechanized Group
Construct Mechanized Kompanie
254 Reconnaissance Tractor
Selects Crew Shock Tactics
Selects Defensive Positions
Construct Panzerarmee Kommand
Walking Stuka Rocket Launcher
Walking Stuka Rocket Launcher
Selects Butterfly Bomb Drop
Walking Stuka Rocket Launcher
254 Reconnaissance Tractor
18-tonne Recovery Half-track
Selects Elefant Tank Destroyer